 Dungeon Crawl Stone Soup version 0.24-a0-264-gf46a388 (webtiles) character file.

Game seed: 13893335346635698483

949 terrorsythe the Skirmisher (level 7, 0/57 HPs)
             Began as a Demonspawn Fighter on Apr 19, 2019.
             Was a Follower of Yredelemnul.
             Engulfed by Ijyb's negative energy (27 damage)
             ... on level 4 of the Dungeon.
             The game lasted 00:11:47 (3634 turns).

terrorsythe the Skirmisher (Demonspawn Fighter)     Turns: 3634, Time: 00:11:48

Health: 0/57       AC: 12    Str: 19      XL:     7   Next: 89%
Magic:  7/7        EV:  8    Int:  9      God:    Yredelemnul [*.....]
Gold:   180        SH:  9    Dex: 11 (12) Spells: 6/6 levels left

rFire    + . .     SeeInvis .   w - +2 war axe (chop)
rCold    . . .     Gourm    .   c - +0 shield
rNeg     . . .     Faith    .   v - +1 scale mail {rF+}
rPois    .         Spirit   .   (helmet restricted)
rElec    .         Reflect  .   s - +0 cloak
rCorr    .         Harm     .   (no gloves)
MR       .....     Rnd*Tele +   (no boots)
Stlth    ..........             (no amulet)
HPRegen  0.59/turn              e - ring of teleportation (curse)
MPRegen  0.10/turn              t - ring of attention (curse)

@: drained
A: horns 1, slimy green scales 2, deterioration 1, regeneration 1, subdued magic
1, MP-powered wands
a: Animate Remains, Renounce Religion


You were on level 4 of the Dungeon.
You worshipped Yredelemnul.
Yredelemnul was aware of your devotion.
You were not hungry.

You visited 1 branch of the dungeon, and saw 4 of its levels.

You collected 180 gold pieces.

Inventory:

Hand Weapons
 a - a +0 war axe
 w - a +2 war axe of chopping (weapon)
Armour
 b - a +0 scale mail
 c - a +0 shield (worn)
 s - a +0 cloak (worn)
 v - a +1 scale mail of fire resistance (worn)
Jewellery
 e - a cursed ring of teleportation (left hand)
 t - a cursed ring of attention (right hand)
Scrolls
 d - a scroll of fear {unknown}
 i - a scroll of enchant armour
 j - 3 scrolls of teleportation
 m - a scroll of enchant weapon
 q - a scroll of fog
Potions
 h - 2 potions of heal wounds
 k - a potion of invisibility
 l - 3 potions of curing
 n - a potion of experience {unknown}
 o - 5 potions of mutation
 p - a potion of degeneration {unknown}
 r - a potion of agility {unknown}
 u - a potion of flight {unknown}
Comestibles
 f - 10 rations
 g - 5 chunks of flesh


   Skills:
 * Level 5.6(4.7) Fighting
 * Level 4.6(3.8) Axes
 + Level 4.0(3.2) Armour
 + Level 2.9(2.1) Dodging
 + Level 4.0(3.2) Shields
 + Level 1.0(0.2) Invocations


You had 6 spell levels left.
You didn't know any spells.
Your spell library contained the following spells:

 Spells                   Type           Power        Failure   Level  Hunger
 Animate Skeleton         Necr           N/A          99%         1    ##.....
 Apportation              Tloc           #.....       99%         1    ##.....
 Confusing Touch          Hex            #.....       99%         1    ##.....
 Corona                   Hex            #......      99%         1    ##.....
 Summon Small Mammal      Summ           #...         99%         1    ##.....
 Ensorcelled Hibernation  Hex/Ice        #.....       100%        2    ###....
 Confuse                  Hex            #.......     100%        3    ####...
 Dazzling Spray           Conj/Hex       #.....       100%        3    ####...
 Tukima's Dance           Hex            #.......     100%        3    ####...


Dungeon Overview and Level Annotations

Branches:
Dungeon (4/15)             Temple (0/1) D:4

Altars:
Elyvilon
Nemelex Xobeh
Qazlal
Ru
Sif Muna
Uskayaw
Vehumet
Xom
Yredelemnul

Annotations:
D:4 Ijyb


Innate Abilities, Weirdness & Mutations

You have a pair of small horns on your head.
You are mostly covered in slimy green scales. (AC +3)
Your body sometimes deteriorates upon taking damage.
Your natural rate of healing is unusually fast.
Your spells are a little easier to cast, but a little less powerful.
You expend magic power (3 MP) to strengthen your wands.


Message History

You open the door.
There is an open door here.
Found a sacrificial altar of Ru.
Items here: )))) [[
There is a stone staircase leading down here.
Ijyb the Twisted Goblin comes into view.
She is wielding a -3 dagger and carrying a wand of clouds (5).
Ijyb shouts!
Found a robe.
Ijyb zaps a wand.
Ijyb creates a blast of negative energy!
You are engulfed in negative energy.
You feel drained. Ijyb barely misses you.
You slash Ijyb! Your headbutt misses Ijyb.
Ijyb is severely wounded.
You are engulfed in negative energy.
You feel drained. Ijyb hits you but does no damage. Ijyb barely misses you.
You hit Ijyb but do no damage.
Ijyb is severely wounded.
You are engulfed in negative energy.
You feel drained.
You die...
Your body rises from the dead as a mindless zombie.

#.##..#.#..#.# #.#
#.##.......#.# #.#
###.))..#>...# #.#
#.##.##.#..#####.#
...#.##.#........#
..............§§§#
#..####.#.#..^^§☼#
#..(....#.#..^_§§#
#.####*##.#..^^.@#
#.#######.#.....g#
#....<....#...##.#
#########)##[#*..#
#########.##.**.##
..........##,*..*
###########*,*.#*
# *,#.* # *,*,*


You could see Ijyb.

Vanquished Creatures
  Sigmund (D:4)
  A phantom (D:4)
  An ogre (D:4)
  A scorpion (D:4)
  A howler monkey (D:4)
  Crazy Yiuf (D:4)
  2 hounds (D:4)
  4 orc wizards (D:4)
  An orc priest (D:4)
  A centaur skeleton (D:4)
  4 iguanas (D:4)
  3 worker ants
  4 adders
  An ooze (D:3)
  A worm (D:4)
  A dart slug (D:1)
  A leopard gecko (D:1)
  9 orcs
  A ball python (D:2)
  5 giant cockroaches
  4 goblins
  11 hobgoblins
  5 kobolds
  2 quokkas
  4 bats
  3 frilled lizards (D:3)
  5 rats
  2 fungi (D:4)
80 creatures vanquished.

Vanquished Creatures (collateral kills)
  A giant cockroach (D:4)
1 creature vanquished.

Vanquished Creatures (others)
  A human skeleton (D:4)
1 creature vanquished.

Grand Total: 82 creatures vanquished

Notes
Turn   | Place    | Note
-------+----------+-------------------------------------------
     0 | D:1      | terrorsythe the Demonspawn Fighter began the quest for the
                  | Orb.
     0 | D:1      | Reached XP level 1. HP: 18/18 MP: 1/1
   255 | D:1      | Gained mutation: You have a pair of small horns on your
                  | head. [demonic ancestry]
   255 | D:1      | Reached XP level 2. HP: 22/24 MP: 2/2
   825 | D:2      | Gained mutation: You are partially covered in slimy green
                  | scales. (AC +2) [demonic ancestry]
   825 | D:2      | Reached XP level 3. HP: 29/29 MP: 3/3
  1344 | D:2      | Reached skill level 1 in Dodging
  1527 | D:2      | Gained mutation: Your spells are a little easier to cast,
                  | but a little less powerful. [potion of mutation]
  1527 | D:2      | Gained mutation: Your body sometimes deteriorates upon
                  | taking damage. [potion of mutation]
  1527 | D:2      | Gained mutation: You expend magic power (3 MP) to
                  | strengthen your wands. [potion of mutation]
  1527 | D:2      | Gained mutation: Your natural rate of healing is unusually
                  | fast. [potion of mutation]
  1603 | D:3      | Found a sparkling altar of Nemelex Xobeh.
  1614 | D:3      | Found a white marble altar of Elyvilon.
  1614 | D:3      | Found a hide-covered altar of Uskayaw.
  1661 | D:3      | Reached XP level 4. HP: 37/37 MP: 4/4
  1694 | D:3      | Found a radiant altar of Vehumet.
  2206 | D:3      | Found a basalt altar of Yredelemnul.
  2206 | D:3      | Found a stormy altar of Qazlal.
  2417 | D:3      | Became a worshipper of Yredelemnul the Dark
  2515 | D:4      | Found a staircase to the Ecumenical Temple.
  2517 | D:4      | Noticed a phantom
  2554 | D:4      | Killed a phantom
  2554 | D:4      | Reached skill level 4 in Fighting
  2554 | D:4      | Reached XP level 5. HP: 41/42 MP: 5/5
  2578 | D:4      | Gained mutation: You are mostly covered in slimy green
                  | scales. (AC +3) [demonic ancestry]
  2578 | D:4      | Reached XP level 6. HP: 48/49 MP: 6/6
  2685 | D:4      | Found a shimmering altar of Xom.
  2843 | D:4      | Reached XP level 7. HP: 31/55 MP: 7/7
  2845 | D:4      | Reached skill level 5 in Fighting
  3065 | D:4      | Noticed Sigmund
  3069 | D:4      | Reached * piety under Yredelemnul
  3072 | D:4      | Killed Sigmund
  3161 | D:4      | Found a deep blue altar of Sif Muna.
  3181 | D:4      | Your ally Sigmund died
  3230 | D:4      | Found a runed translucent door.
  3231 | D:4      | Noticed Crazy Yiuf
  3242 | D:4      | Killed Crazy Yiuf
  3420 | D:4      | Reached skill level 1 in Invocations
  3574 | D:4      | Found a sacrificial altar of Ru.
  3628 | D:4      | Noticed Ijyb
  3634 | D:4      | Engulfed by Ijyb's negative energy

Levels and vault maps discovered:
D:1:      wander_arrival_desolate, layout_basic, grunt_decor_arrowhead
D:2:      layout_rooms, minmay_misc_feat_tiny, minmay_misc_feat_iff
D:3:      layout_loops_ring, nicolae_overflow_crystal_walls, minitemple,
          gammafunk_temple_overflow_elements
D:4:      minmay_razor_zed, layout_loops_ring, lemuel_round_altar,
          nicolae_ru_the_path_less_chosen, led_sif_book, first_ration,
          xom_teletrap_fun, uniq_crazy_yiuf_cottage, uniq_sigmund, uniq_ijyb

Skill      XL: |  1  2  3  4  5  6  7 |
---------------+----------------------+-----
Axes           | 2 3 4 |  4.6
Armour         | 3 4 |  4.0
Dodging        | 1 2 |  2.9
Shields        | 3 4 |  4.0
Fighting       | 4 5 |  5.6
Invocations    | 1 |  1.0

Action                   |  1- 3 |  4- 6 |  7- 9 || total
-------------------------+-------+-------+-------++-------
Melee: War axe           |   109 |   105 |    70 ||   284
       Headbutt          |    11 |    17 |    11 ||    39
Invok: Animate Remains   |       |       |     1 ||     1
  Use: Scroll            |     5 |       |     6 ||    11
       Potion            |     1 |     3 |     1 ||     5
  Eat: Chunk             |     2 |     4 |     3 ||     9
Armor: Scale mail        |    70 |    38 |    30 ||   138
Dodge: Dodged            |    37 |    34 |    28 ||    99
Block: Shield            |    60 |    44 |    21 ||   125

Table legend:
 A = Non-vault XP
 B = Vault XP
 C = Vault XP percentage of total XP
 D = Non-vault monster count
 E = Vault monster count
 F = Vault count percentage of total count
                 A         B        C        D         E       F
            +---------+---------+-------+---------+---------+-------
      Total |     744 |     612 |  45.1 |      69 |      10 |  12.7
            +---------+---------+-------+---------+---------+-------
        D:1 |      26 |       0 |   0.0 |      13 |       0 |   0.0
        D:2 |      63 |       0 |   0.0 |      16 |       0 |   0.0
        D:3 |      63 |       0 |   0.0 |      15 |       0 |   0.0
        D:4 |     592 |     612 |  50.8 |      25 |      10 |  28.6
            +---------+---------+-------+---------+---------+-------
